Map: Usina Ácida LE

Players

IagoAbreu

  • Race: Terran Terran
  • League: Silver
  • Spawn Location: 5:00

Ipsilon - Winner!

  • Race: Protoss Protoss
  • League: Silver
  • Spawn Location: 11:00

VOD

Have the link to the VOD?

Description

Time

  • Played on: March 9, 2018, 5:23 p.m.
  • Length: 16:29
Show
View Real Time Build Order
Export as new Build Order

IagoAbreu Terran 

Build Orders:  

Get SALT Encoding   

  12  0:12  Supply Depot  
  12  0:22  SCV  
  13  0:35  SCV, Supply Depot  
  14  0:48  Barracks  
  14  0:50  SCV  
  15  1:03  Engineering Bay  
  15  1:07  SCV  
  16  1:16  Refinery  
  16  1:20  Refinery  
  16  1:25  SCV  
  18  1:41  Orbital Command  
  17  1:52  Barracks  
  17  1:54  Marine  
  18  2:12  Marine  
  18  2:13  Terran Infantry Weapons Level 1  
  19  2:20  SCV  
  20  2:32  SCV  
  20  2:34  Barracks Reactor  
  21  2:42  Factory  
  21  2:43  Barracks Reactor  
  21  2:51  SCV  
  22  3:03  SCV  
  23  3:11  Marine x2  
  25  3:20  Marine  
  25  3:21  Marine  
  27  3:27  Factory Reactor  
  27  3:37  Starport  
  27  3:42  Armory  
  27  3:47  Marine x2  
  27  3:48  Marine x2  
  29  4:07  Marine x3  
  29  4:08  Marine  
  29  4:32  Cyclone x2  
  35  4:48  Marine x2  
  35  4:49  Marine x2  
  39  5:00  Starport Reactor  
  39  5:09  Supply Depot  
  39  5:12  Supply Depot  
  39  5:23  Widow Mine x2  
  39  5:25  Marine x3  
  46  5:39  Terran Vehicle Weapons Level 1  
  46  5:44  SCV  
  47  5:56  SCV  
  47  6:19  Marine x4  
  47  6:23  Liberator  
  47  6:25  Command Center  
  50  6:49  Terran Infantry Weapons Level 2  
  50  6:54  Marine x2  
  52  7:04  Marine x2  
  26  7:46  Liberator  
  26  7:47  Liberator  
  23  8:00  Orbital Command  
  29  8:08  Terran Ship Weapons Level 1  
  29  8:10  Starport  
  29  8:13  Starport  
  29  8:18  Starport  
  29  8:39  SCV  
  30  8:51  SCV  
  31  9:04  SCV  
  30  9:16  SCV  
  23  9:28  SCV  
  24  9:36  Viking x3  
  24  9:37  Viking x2  
  34  9:58  SCV  
  35  10:09  Factory Reactor  
  35  10:10  SCV  
  36  10:16  Barracks Reactor  
  36  10:21  Supply Depot  
  36  10:22  SCV  
  37  10:34  SCV  
  38  10:46  SCV  
  39  10:54  Viking x3  
  39  10:55  Viking x2  
  49  11:02  Refinery  
  49  11:30  Command Center  
  49  11:47  Refinery  
  49  11:49  Refinery  
  42  13:11  Liberator x2  
  39  13:20  Starport Reactor  
  39  13:21  Starport Reactor  
  45  13:54  Liberator x2  
  35  14:32  Engineering Bay  
  35  14:35  Liberator  
  35  14:41  Liberator x2  
  44  15:04  Missile Turret  
  44  15:17  Viking  
  46  15:37  Supply Depot  
  46  15:40  Barracks  
  46  15:43  Supply Depot  
Show
View Real Time Build Order
Export as new Build Order

Ipsilon Protoss - Winner!

Build Orders: 1 Gate Expand 

Get SALT Encoding   

  12  0:02  Probe (Chrono Boost)  
  13  0:11  Probe (Chrono Boost)  
  14  0:16  Probe (Chrono Boost)  
  15  0:28  Pylon  
  15  0:31  Assimilator  
  15  0:46  Probe  
  16  0:54  Gateway  
  16  1:01  Probe (Chrono Boost)  
  18  1:11  Probe (Chrono Boost)  
  18  1:16  Probe (Chrono Boost)  
  19  1:19  Pylon  
  19  1:32  Nexus  
  19  1:36  Assimilator  
  19  1:42  Zealot  
  21  1:47  Probe  
  22  1:56  Cybernetics Core  
  22  2:02  Probe  
  23  2:14  Probe  
  26  2:15  Zealot  
  26  2:27  Probe (Chrono Boost)  
  27  2:35  Warp Gate  
  28  2:37  Probe (Chrono Boost)  
  28  2:43  Probe (Chrono Boost)  
  28  2:44  Robotics Facility  
  29  2:46  Zealot  
  29  2:48  Probe (Chrono Boost)  
  32  2:58  Probe (Chrono Boost)  
  33  3:03  Probe (Chrono Boost)  
  33  3:05  Forge  
  34  3:13  Stalker  
  36  3:21  Pylon  
  36  3:30  Pylon  
  36  3:35  Pylon  
  36  3:36  Observer  
  37  3:53  Photon Cannon  
  37  3:57  Immortal  
  37  4:01  Photon Cannon  
  41  4:10  Probe (Chrono Boost)  
  41  4:16  Probe (Chrono Boost)  
  43  4:18  Zealot  
  43  4:20  Probe (Chrono Boost)  
  43  4:24  Protoss Ground Weapons Level 1 (Chrono Boost), Probe (Chrono Boost)  
  47  4:27  Probe (Chrono Boost)  
  47  4:28  Gateway  
  47  4:29  Probe (Chrono Boost)  
  49  5:11  Gateway  
  49  5:15  Gateway x2  
  49  5:17  Gateway  
  49  5:20  Forge  
  49  5:23  Forge  
  49  5:32  Twilight Council  
  49  5:38  Stalker  
  51  5:48  Observer  
  52  5:50  Protoss Ground Armor Level 1 (Chrono Boost)  
  52  5:53  Protoss Shields Level 1 (Chrono Boost)  
  52  6:03  Probe (Chrono Boost)  
  53  6:09  Assimilator, Warp Prism  
  55  6:13  Assimilator, Probe (Chrono Boost)  
  55  6:16  Probe (Chrono Boost)  
  55  6:18  Probe (Chrono Boost)  
  58  6:26  Probe  
  58  6:29  Probe  
  57  6:38  Probe  
  58  6:46  Zealot x6  
  66  7:10  Zealot x2  
  64  7:28  Stalker x3  
  70  8:02  Charge (Chrono Boost)  
  70  8:06  Protoss Ground Armor Level 2, Protoss Ground Weapons Level 2  
  70  8:07  Protoss Shields Level 2  
  70  8:17  Pylon  
  70  8:20  Pylon  
  70  8:23  Pylon  
  70  8:35  Probe  
  71  8:48  Probe  
  72  8:58  Nexus  
  72  9:00  Probe  
  55  9:53  Dark Shrine  
  55  9:58  Gateway x2  
  55  10:01  Gateway x2  
  55  10:05  Gateway  
  55  10:51  Probe (Chrono Boost)  
  56  10:59  Assimilator  
  56  11:01  Probe (Chrono Boost)  
  56  11:03  Assimilator  
  57  11:06  Probe (Chrono Boost)  
  58  11:18  Probe  
  59  11:32  Zealot x3  
  61  11:33  Zealot x6  
  61  11:34  Zealot x2  
  81  11:41  Probe  
  81  11:44  Blink  
  81  11:45  Protoss Ground Weapons Level 3, Protoss Shields Level 3  
  81  11:46  Protoss Ground Armor Level 3  
  82  11:53  Probe  
  83  11:57  Dark Templar x3  
  83  11:58  Dark Templar x5  
  99  12:05  Probe  
  85  12:44  Probe (Chrono Boost)  
  86  12:53  Probe (Chrono Boost)  
  84  12:58  Probe (Chrono Boost)  
  84  13:00  Stalker x4  
  85  13:22  Probe  
  85  13:26  Dark Templar x5  
  85  13:27  Dark Templar x4  
  98  13:28  Dark Templar x2  
  108  13:49  Pylon x2  
  108  13:52  Pylon  
  108  13:54  Pylon  
  108  13:56  Pylon  
  98  14:10  Nexus  
  96  14:28  Zealot x6  
  96  14:29  Zealot x3  
  96  14:30  Zealot x2  
  119  14:45  Observer  
  119  14:58  Archon x2  
  119  15:05  Dark Templar x6  
  119  15:06  Dark Templar x4  
  119  15:07  Dark Templar  
  141  15:34  Observer  
Tags
 
Add a new tag
Caveats
  • Supply blocks, unpowered buildings, or Contaminate may cause inaccurate times.
  • Supply counts are checked every 10 seconds.